 Dungeon Crawl Stone Soup version 0.25-a0-578-gc91f01c (webtiles) character file.

Game seed: 8447049115918074846, levelgen mode: deterministic

4492 BlueFish the Carver (level 10, 0/88 HPs)
             Began as a Minotaur Fighter on Mar 7, 2020.
             Was a Believer of Yredelemnul.
             Slain by Talea's ghost (13 damage)
             ... on level 8 of the Dungeon.
             The game lasted 00:13:06 (7465 turns).

BlueFish the Carver (Minotaur Fighter)              Turns: 7465, Time: 00:13:07

Health: 0/88       AC:  8    Str: 21    XL:     10   Next: 16%
Magic:  8/13       EV: 14    Int:  6    God:    Yredelemnul [**....]
Gold:   549        SH:  7    Dex: 19    Spells: 9/9 levels left

rFire    . . .     SeeInvis .   a - +0 long sword
rCold    + . .     Gourm    .   l - +1 buckler
rNeg     . . .     Faith    +   k - +1 ring mail of the Eternal Fruit {rC+ Dex+4}
rPois    .         Spirit   .   (helmet restricted)
rElec    .         Reflect  .   (no cloak)
rCorr    +         Harm     .   (no gloves)
MR       .....                  (no boots)
Stlth    +.........             F - amulet of faith
HPRegen  0.24/turn              y - ring of the Octopus King {rCorr AC+1 EV+1 Str+1 Int+1 Dex+1}
MPRegen  0.13/turn              (no ring)

@: mighty
A: retaliatory headbutt, horns 2
a: Animate Remains, Recall Undead Slaves, Injury Mirror, Renounce Religion


You were on level 8 of the Dungeon.
You worshipped Yredelemnul.
Yredelemnul was pleased with you.
You were not hungry.

You visited 2 branches of the dungeon, and saw 9 of its levels.

You collected 549 gold pieces.

Inventory:

Hand Weapons
 a - a +0 long sword (weapon)
 i - a +0 vampiric dagger
 n - a +2 antimagic morningstar
 p - a +1 dagger of speed
 E - a +1 mace of holy wrath
 G - a +2 short sword of electrocution
Armour
 c - a +0 kite shield
 k - the +1 ring mail of the Eternal Fruit (worn) {rC+ Dex+4}
   (You found it on level 4 of the Dungeon)

   It affects your dexterity (+4).
   It protects you from cold.
   If you remove this armour, your AC will decrease by 7 (8 -> 1).
 l - a +1 buckler (worn)
Jewellery
 b - an uncursed ring of magical power
 y - a ring of the Octopus King (left hand) {rCorr AC+1 EV+1 Str+1 Int+1 Dex+1}
   (You found it on level 4 of the Dungeon)

   [ring of resist corrosion]

   It affects your AC (+1).
   It affects your evasion (+1).
   It affects your strength (+1).
   It affects your intelligence (+1).
   It affects your dexterity (+1).
   It provides partial protection from all sources of acid and corrosion.
 F - an amulet of faith (around neck)
Wands
 w - a wand of flame (23)
 C - a wand of disintegration (29)
 I - a wand of digging (2)
Scrolls
 h - a scroll of fear {unknown}
 m - 5 scrolls of teleportation
 r - 2 scrolls of remove curse
 s - a scroll of immolation
 x - a scroll of fog
 z - a scroll of noise
 B - a scroll of identify
 H - a scroll of amnesia
Potions
 e - a potion of mutation
 g - 3 potions of haste
 j - 3 potions of curing
 o - 3 potions of stabbing
 q - a potion of magic {unknown}
 t - 2 potions of brilliance
 u - a potion of flight {unknown}
 v - 4 potions of heal wounds {unknown}
 A - 2 potions of degeneration {unknown}
 D - a potion of lignification {unknown}
Comestibles
 f - 10 rations


   Skills:
 * Level 7.6 Fighting
 * Level 10.8 Long Blades
 * Level 8.2 Armour
 + Level 3.3 Dodging
 * Level 7.0 Shields
 * Level 5.8 Invocations


You had 9 spell levels left.
You didn't know any spells.
Your spell library was empty.

Dungeon Overview and Level Annotations

Branches:
Dungeon (8/15)             Temple (1/1) D:5
   Lair: D:8-11

Altars:
Ashenzari
Cheibriados
Dithmenos
Elyvilon
Fedhas
Gozag
Hepliaklqana
Kikubaaqudgha
Makhleb
Nemelex Xobeh
Okawaru
Qazlal
Ru
Sif Muna
Trog
Uskayaw
Vehumet
Wu Jian
Xom
Yredelemnul
Zin
The Shining One

Shops:
D:5 %   D:6 [

Annotations:
D:8 Smoke131's ghost, novice DrCj; Talea's ghost, novice MiBe


Innate Abilities, Weirdness & Mutations

You reflexively headbutt those who attack you in melee.
You have a pair of horns on your head.


Message History

Your killer bee zombie hits Smoke131's ghost but does no damage.
Your bullfrog skeleton hits Smoke131's ghost.
Smoke131's ghost points at you and mumbles some strange words.
The magic dart hits your killer bee zombie.
Your killer bee zombie completely misses Smoke131's ghost.
Your ogre skeleton hits Talea's ghost but does no damage.
Your bullfrog skeleton misses Smoke131's ghost.
Your orc skeleton barely misses Smoke131's ghost.
Your orc wizard zombie hits Smoke131's ghost but does no damage.
Talea's ghost closely misses your killer bee zombie.
You swap places.
Your killer bee zombie barely misses Smoke131's ghost.
Smoke131's ghost hits your killer bee zombie.
Your kobold zombie closely misses Smoke131's ghost.
Your orc warrior skeleton closely misses Talea's ghost.
Your bullfrog skeleton misses Smoke131's ghost.
Your killer bee zombie hits Smoke131's ghost but does no damage.
Talea's ghost hits you!
You die...
Your body rises from the dead as a mindless zombie.

#.......##..###..........#.....##
###..............######...ZZZZ...
##..###..........#.8.$##..ZZ.....
#...#.<..........#....8##Z##....#
........>.......Z#.....)#..###Z..
...............ZZZ.....♣#..##....
..............ZZZWZ....⌠#........
..............ZZZW.....♣#.......#
............#..Z@#......#........
...###....###.#.Z#....8##........
.........####.##.#(8(/##....##(..
...#......##.....#######.........
...#()....####...............|Z..
.#.#.)...## #...................
##.......#####..>....####.()....#
#..ZZZ.....#..............##..##
###ZZ.ZZ.................Z.##.#


You could see Smoke131's ghost, Talea's ghost, a friendly worker ant zombie, a
friendly killer bee zombie, 2 friendly kobold zombies, a friendly orc zombie, a
friendly orc wizard zombie, a friendly two-headed ogre zombie, a friendly
bullfrog skeleton, 3 friendly orc skeletons, a friendly orc warrior skeleton and
a friendly ogre skeleton.

Vanquished Creatures
  The ghost of ardl the Slicer, a journeyman KoBe of Trog (D:8)
  The ghost of MinDuChiJDG the Basher, a novice MiBe of Trog (D:8)
  Sigmund (D:3)
  Purgy (D:3)
  3 orc warriors
  A phantom (D:6)
  4 ogres
  A sky beast (D:6)
  A centaur (D:8)
  A big kobold (D:8)
  3 bullfrogs
  A gnoll sergeant (D:5)
  2 scorpions
  6 killer bees (D:8)
  5 crimson imps
  2 hounds
  A centaur skeleton (D:4)
  5 orc priests
  5 orc wizards
  Jessica (D:3)
  3 worker ants
  A howler monkey zombie (D:7)
  9 adders
  5 gnolls (D:6)
  A shadow imp (D:6)
  An ooze (D:1)
  3 adder skeletons
  A worm (D:2)
  A dart slug (D:3)
  8 leopard geckos
  16 orcs
  3 ball pythons
  10 bats
  5 giant cockroaches
  13 goblins
  8 hobgoblins
  4 jackals (D:1)
  10 kobolds
  3 quokkas
  2 frilled lizards
  2 leopard gecko zombies
  A quokka skeleton (D:8)
  11 rats
167 creatures vanquished.

Vanquished Creatures (collateral kills)
  A two-headed ogre (D:8)
  A bullfrog (D:8)
  A big kobold (D:8)
  A scorpion (D:8)
  A jelly (D:8)
  A bullfrog skeleton (D:8)
  An orc wizard (D:8)
  A worker ant (D:8)
  A hound skeleton (D:8)
  An orc (D:8)
  A quokka (D:8)
  4 kobolds (D:8)
15 creatures vanquished.

Vanquished Creatures (others)
  A bullfrog zombie (D:8)
  4 killer bee zombies (D:8)
  An ogre skeleton (D:8)
  2 orc zombies (D:8)
  An adder skeleton (D:8)
  A kobold zombie (D:8)
  A leopard gecko zombie (D:8)
  2 orc skeletons (D:8)
  A quokka zombie (D:8)
14 creatures vanquished.

Grand Total: 196 creatures vanquished

Notes
Turn   | Place    | Note
-------+----------+-------------------------------------------
     0 | D:1      | BlueFish the Minotaur Fighter began the quest for the Orb.
     0 | D:1      | Reached XP level 1. HP: 19/19 MP: 0/0
   167 | D:1      | Found an iron altar of Okawaru.
   259 | D:1      | Reached XP level 2. HP: 27/27 MP: 1/1
   698 | D:2      | Reached XP level 3. HP: 33/33 MP: 2/2
   846 | D:2      | Reached skill level 3 in Long Blades
  1079 | D:2      | Reached XP level 4. HP: 38/41 MP: 3/3
  1264 | D:3      | Noticed Sigmund
  1274 | D:3      | Killed Sigmund
  1274 | D:3      | Reached skill level 5 in Long Blades
  1274 | D:3      | Reached skill level 5 in Armour
  1274 | D:3      | Reached XP level 5. HP: 30/47 MP: 4/4
  1326 | D:3      | Found a hazy altar of Hepliaklqana.
  1378 | D:3      | Noticed Jessica
  1387 | D:3      | Killed Jessica
  1387 | D:3      | Reached XP level 6. HP: 53/55 MP: 5/5
  1433 | D:3      | Noticed Purgy
  1453 | D:3      | Reached skill level 1 in Dodging
  1508 | D:3      | Killed Purgy
  1508 | D:3      | Reached skill level 5 in Fighting
  2039 | D:4      | Got a transparent ring mail
  2066 | D:4      | Reached skill level 6 in Long Blades
  2100 | D:4      | Reached XP level 7. HP: 60/61 MP: 6/6
  2171 | D:4      | Found a radiant altar of Vehumet.
  2209 | D:4      | Found the ring of the Octopus King
  2214 | D:4      | Got a ring of the Octopus King
  2240 | D:4      | Found a burning altar of Makhleb.
  2240 | D:4      | Noticed an Executioner
  2451 | D:4      | Identified a ring of the Octopus King {rCorr AC+1 EV+1
                  | Str+1 Int+1 Dex+1} (You found it on level 4 of the Dungeon)
  2462 | D:4      | Identified the +1 ring mail of the Eternal Fruit {rC+
                  | Dex+4} (You found it on level 4 of the Dungeon)
  2845 | D:5      | Entered Level 5 of the Dungeon
  2903 | D:5      | Found Woetam's Food Emporium.
  3014 | D:5      | Found a staircase to the Ecumenical Temple.
  3023 | Temple   | Entered the Ecumenical Temple
  3034 | Temple   | Became a worshipper of Yredelemnul the Dark
  3593 | D:6      | Found Sestymoli's Armour Shoppe.
  3800 | D:6      | Reached skill level 7 in Long Blades
  3800 | D:6      | Reached skill level 5 in Shields
  3842 | D:5      | Reached skill level 1 in Invocations
  4142 | D:6      | Reached XP level 8. HP: 29/70 MP: 7/7
  4622 | D:6      | Found a hide-covered altar of Uskayaw.
  4625 | D:6      | Reached skill level 8 in Long Blades
  5406 | D:7      | Found an iron altar of Okawaru.
  5406 | D:7      | Found a sparkling altar of Nemelex Xobeh.
  5804 | D:7      | Reached skill level 9 in Long Blades
  5919 | D:7      | Found a shimmering blue altar of Sif Muna.
  6157 | D:8      | Reached * piety under Yredelemnul
  6163 | D:8      | Reached XP level 9. HP: 67/78 MP: 9/9
  6297 | D:8      | Found a runed translucent gate.
  6297 | D:8      | Found a runed translucent gate.
  6297 | D:8      | Found a runed translucent gate.
  6334 | D:8      | Found a hide-covered altar of Uskayaw.
  6622 | D:8      | Reached ** piety under Yredelemnul
  6864 | D:8      | Noticed a two-headed ogre
  6872 | D:8      | Killed a two-headed ogre
  6872 | D:8      | Reached skill level 10 in Long Blades
  7414 | D:8      | Noticed Smoke131's ghost (novice DrCj)
  7414 | D:8      | Noticed Talea's ghost (novice MiBe)
  7415 | D:8      | Noticed ardl's ghost (journeyman KoBe)
  7415 | D:8      | Noticed MinDuChiJDG's ghost (novice MiBe)
  7449 | D:8      | Killed MinDuChiJDG's ghost
  7449 | D:8      | Reached skill level 5 in Invocations
  7449 | D:8      | Reached XP level 10. HP: 81/86 MP: 9/13
  7459 | D:8      | Killed ardl's ghost
  7465 | D:8      | Slain by Talea's ghost

Levels and vault maps discovered:
D:1:      psy_arrival_radial02, layout_basic, okawaru_ov_weapons_minmay
D:2:      layout_basic, minivault_26, minivault_26
D:3:      layout_rooms, nicolae_overflow_crystal_walls, first_ration,
          chequers_serial_rivers_small_a, serial_park_tiny_pond, minmay_vboxes,
          uniq_jessica, uniq_sigmund, uniq_purgy
D:4:      layout_cave_pods, makhleb_altar_promises_db, corexii_hall_statues_x,
          hangedman_abyss_or_decor_stabs, vehumet_altar_wand_db
D:5:      layout_basic, lemuel_temple_firewalk_b, serial_shops,
          nicolae_shop_statue_plus
D:6:      layout_rooms, basic_altar, serial_co_window_serial, co_window_paths_a,
          co_window_of_opportunity_a, co_window_paths_a, co_window_paths_b,
          co_window_paths_a, co_window_2corner, co_window_2corner,
          co_window_unsneaky_path_d, co_window_corner_ca, co_window_corner_cb,
          co_window_of_opportunity_c, co_window_paths_e, co_window_paths_d,
          glass_columns_a, glass_columns_a, glass_columns_b, glass_columns_a,
          serial_shops, shop
D:7:      layout_loops_ring, chequers_temple_overflow_statue_of_worship,
          lemuel_coloured_pillars_altar
D:8:      layout_cave_pools, eat_drink_and_be_merry_uskayaw,
          gammafunk_ghost_cemetery
Temple:   lightli_temple_of_artemis

Skill      XL: |  1  2  3  4  5  6  7  8  9 10 |
---------------+-------------------------------+-----
Fighting       | 4 5 6 7 |  7.6
Armour         | 4 5 6 7 8 |  8.2
Shields        | 4 5 6 7 |  7.0
Long Blades    | 3 5 6 7 9 10 | 10.8
Dodging        | 1 2 3 |  3.3
Invocations    | 1 2 5 |  5.8

Action                   |  1- 3 |  4- 6 |  7- 9 | 10-12 || total
-------------------------+-------+-------+-------+-------++-------
Melee: Long sword        |    70 |   107 |   278 |     7 ||   462
       Headbutt          |    12 |    18 |    79 |     1 ||   110
Invok: Animate Remains   |       |       |    31 |       ||    31
  Use: Scroll            |     2 |     4 |    10 |       ||    16
       Potion            |       |       |     1 |       ||     1
  Eat: Chunk             |     1 |     3 |    23 |       ||    27
       Ration            |       |       |     1 |       ||     1
Armor: Scale mail        |    41 |    45 |     7 |       ||    93
       Ring mail         |       |       |    50 |     2 ||    52
Dodge: Dodged            |    45 |    72 |   157 |     2 ||   276
Block: Buckler           |     9 |    34 |    73 |       ||   116
       Rpst.: Long sword |    13 |    14 |    32 |     1 ||    60

Table legend:
 A = Non-vault XP
 B = Vault XP
 C = Vault XP percentage of total XP
 D = Non-vault monster count
 E = Vault monster count
 F = Vault count percentage of total count
                 A         B        C        D         E       F
            +---------+---------+-------+---------+---------+-------
      Total |    4501 |    1917 |  29.9 |     169 |      13 |   7.1
            +---------+---------+-------+---------+---------+-------
        D:1 |      37 |       0 |   0.0 |      18 |       0 |   0.0
        D:2 |      65 |       0 |   0.0 |      23 |       0 |   0.0
        D:3 |      72 |     425 |  85.5 |      28 |      10 |  26.3
        D:4 |     240 |       1 |   0.4 |       6 |       1 |  14.3
        D:5 |     191 |       0 |   0.0 |       7 |       0 |   0.0
        D:6 |    1213 |       0 |   0.0 |      24 |       0 |   0.0
        D:7 |     396 |       0 |   0.0 |      14 |       0 |   0.0
        D:8 |    2287 |    1491 |  39.5 |      49 |       2 |   3.9
            +---------+---------+-------+---------+---------+-------
